[Event "2023 Perth Open"]
[Site "North Woodvale, Perth WA"]
[Date "2023.02.12"]
[Round "6.21"]
[White "Kerr, Carter"]
[Black "Gong, Leo"]
[Result "1-0"]
[WhiteElo "705"]
[BlackElo "668"]
[ECO "C78"]
[EventDate "2023.02.11"]
[EventType "swiss"]
[EventRounds "6"]
[EventCountry "AUS"]
[TimeControl "3600+30"]

1. e4 e5 2. Nf3 Nc6 3. Bb5 Nf6 4. O-O Bc5 5. c3 a6 6. Ba4 Nxe4 7. Re1 Nf6 8.
Nxe5 O-O 9. d4 Bb6 10. Bg5 h6 11. Bh4 d6 12. Nxc6 bxc6 13. Bxc6 Rb8 14. Ba4 Bg4
15. Bxf6 Bxd1 16. Bxd8 Bxa4 17. Bh4 Rfe8 18. Nd2 c5 19. Nc4 cxd4 20. Rxe8+ Bxe8
21. Nxd6 Bc6 22. Bg3 Rd8 23. cxd4 Bxd4 24. Rc1 Bd5 25. Rd1 Bxb2 26. Rxd5 Bf6
27. Ra5 Rb8 28. h3 Rb6 29. Nc8 Rc6 30. Na7 Rb6 31. Rc5 Bd4 32. Rc8+ Kh7 33. Nc6
Bf6 34. Ne5 Rb7 35. Rf8 Bxe5 36. Bxe5 Rb1+ 37. Kh2 Re1 38. Bg3 f6 39. Ra8 Re6
40. Bf4 g5 41. Be3 Kg6 42. h4 g4 43. Kg3 h5 44. Bf4 f5 45. Rh8 Re2 46. Rh6+ Kg7
47. Rxh5 Rxa2 48. Rxf5 Rb2 49. Be5+ Kg6 50. Rg5+ Kh6 51. Bxb2 a5 52. f4 gxf3
53. gxf3 a4 54. f4 Kh7 55. f5 a3 56. Bxa3 Kh6 57. f6 Kh7 58. f7 Kh6 59. f8=Q+
Kh7 60. Qg7# 1-0